Map: Pylon LE

Players

KimChiLoVer - Winner!

  • Race: Terran Terran
  • League: Diamond
  • Spawn Location: 11:00

lingflood

  • Race: Protoss Protoss
  • League: Diamond
  • Spawn Location: 5:00

VOD

Have the link to the VOD?

Description

Time

  • Played on: Aug. 25, 2025, 9:10 p.m.
  • Length: 5:42
Show
View Real Time Build Order
Export as new Build Order

KimChiLoVer Terran - Winner!

Build Orders: Reaper Expand 

Get SALT Encoding   

  12  0:00  SCV  
  13  0:14  SCV  
  14  0:21  Supply Depot  
  14  0:26  SCV  
  15  0:43  SCV  
  15  0:44  Barracks  
  15  0:47  Refinery  
  16  0:55  SCV  
  17  1:07  SCV  
  18  1:19  SCV  
  19  1:32  Reaper  
  20  1:36  Orbital Command  
  20  1:44  Command Center  
  20  2:09  Marine  
  20  2:12  Supply Depot  
  21  2:19  SCV  
  21  2:21  Factory, Refinery  
  22  2:31  Barracks  
  22  2:40  Barracks Reactor, Bunker  
  22  2:45  SCV  
  22  2:51  Barracks  
  23  2:59  Orbital Command  
  23  3:07  Factory Tech Lab  
  23  3:19  Orbital Command  
  23  3:24  Marine  
  24  3:31  Cyclone  
  24  3:33  Starport  
  27  3:35  Barracks Tech Lab  
  27  3:39  Marine  
  28  3:42  Marine  
  28  3:45  SCV  
  28  3:46  SCV  
  28  3:48  Marine  
  32  3:58  SCV  
  33  4:10  Siege Tank  
  33  4:13  Starport Reactor  
  36  4:17  SCV  
  36  4:19  Refinery  
  37  4:29  Marine x2, SCV  
  40  4:32  Engineering Bay  
  40  4:35  Command Center  
  40  4:38  Engineering Bay  
  40  5:14  Missile Turret  
Show
View Real Time Build Order
Export as new Build Order

lingflood Protoss 

Build Orders: 1 Gate Expand, Dark Templar Rush 

Get SALT Encoding   

  12  0:00  Probe  
  13  0:17  Pylon  
  13  0:18  Probe  
  14  0:36  Probe  
  14  0:38  Gateway  
  15  0:44  Probe  
  16  0:53  Probe  
  17  1:05  Probe  
  17  1:08  Assimilator  
  18  1:23  Nexus  
  18  1:38  Cybernetics Core, Probe  
  19  1:50  Probe  
  20  1:56  Pylon  
  20  1:59  Pylon  
  20  2:06  Warp Gate  
  20  2:15  Assimilator  
  20  2:19  Gateway  
  20  2:24  Pylon  
  20  2:37  Probe  
  21  2:49  Probe, Twilight Council  
  22  2:53  Probe  
  23  3:06  Gateway  
  23  3:09  Pylon  
  23  3:26  Dark Shrine  
  22  3:33  Gateway  
  22  3:49  Gateway  
  22  4:06  Adept x3  
  28  4:23  Probe  
  29  4:35  Probe  
  29  4:37  Dark Templar x2  
  34  4:47  Probe  
  35  4:54  Dark Templar  
  35  4:59  Probe  
  32  5:14  Dark Templar  
Tags
 
Add a new tag
Caveats
  • Supply blocks, unpowered buildings, or Contaminate may cause inaccurate times.
  • Supply counts are checked every 10 seconds.